Workbook

Sheet Assumptions
A1: PORTFOLIO CAP RATE ASSUMPTIONS
A3: Assumption | B3: Value | C3: Basis
A4: Vacancy | B4: 0.05 | C4: 5% of Gross Potential Rent.
A5: Management Fee | B5: 0.05 | C5: 5% of Effective Gross Income.
A6: Repairs & Maintenance / Legal Unit | B6: 500 | C6: Historical underwriting pattern: $500 per legal unit annually.
A7: Reserves / Legal Unit | B7: 250 | C7: Historical underwriting pattern: $250 per legal unit annually.
A8: Landscaping / Snow per Property | B8: 1200
A9: Methodology Note
A10: Gross Potential Rent | B10: Current or market rent schedule annualized.
A11: Effective Gross Income | B11: GPR less 5% vacancy.
A12: Cap Rate | B12: NOI divided by the asking price for each property.
C15: Underwriting Disclaimer
C16: Disclaimer: This financial analysis has been prepared by the seller for informational purposes only. Certain figures, including projected rents, operating expenses, vacancy, capitalization rates, and other financial metrics, are based on owner-provided information, public records, market research, and underwriting assumptions believed to be reasonable but not guaranteed. Actual operating results may differ. Prospective purchasers are solely responsible for conducting their own independent financial, legal, physical, environmental, and operational due diligence before making any investment decision.
C17: Cap rate scenarios are illustrative only and should not be construed as an appraisal or guarantee of value.
C18: Important Notice Prepared by Seller For informational purposes only Contains assumptions and estimates Not an appraisal Buyer to verify all information independently

Sheet Portfolio Summary
A1: PORTFOLIO INCOME, EXPENSES & CAP RATE SUMMARY
A3: Property | B3: Units | C3: Value ($) | D3: Current GPR ($) | E3: Current EGI ($) | F3: Current Expenses ($) | G3: Current NOI ($) | H3: Current Cap Rate | I3: Market Low NOI ($) | J3: Market Low Cap Rate | K3: Market High NOI ($) | L3: Market High Cap Rate | M3: Notes
A4: 28-30 Madison | B4: 6 | C4: ='28-30 Madison'!B22 -> 799000 | D4: ='28-30 Madison'!B5 -> 90000 | E4: ='28-30 Madison'!B7 -> 85500 | F4: ='28-30 Madison'!B19 -> 28592.12 | G4: ='28-30 Madison'!B21 -> 56907.88 | H4: ='28-30 Madison'!B23 -> 0.07122388 | I4: ='28-30 Madison'!C21 -> 76672.63 | J4: ='28-30 Madison'!C23 -> 0.095960738 | K4: ='28-30 Madison'!D21 -> 83170.63 | L4: ='28-30 Madison'!D23 -> 0.1040934 | M4: Cap rates are calculated using the seller’s current asking price
A5: 98 Russ | B5: 3 | C5: ='98 Russ'!B22 -> 399000 | D5: ='98 Russ'!B5 -> 52500 | E5: ='98 Russ'!B7 -> 49875 | F5: ='98 Russ'!B19 -> 17455.97 | G5: ='98 Russ'!B21 -> 32419.03 | H5: ='98 Russ'!B23 -> 0.081250702 | I5: ='98 Russ'!C21 -> 45144.28 | J5: ='98 Russ'!C23 -> 0.11314356 | K5: ='98 Russ'!D21 -> 50017.78 | L5: ='98 Russ'!D23 -> 0.12535784 | M5: Cap rates are calculated using the seller’s current asking price
A6: 511 Maple | B6: 3 | C6: ='511 Maple'!B22 -> 549000 | D6: ='511 Maple'!B5 -> 63432 | E6: ='511 Maple'!B7 -> 60260.4 | F6: ='511 Maple'!B19 -> 26187 | G6: ='511 Maple'!B21 -> 34073.4 | H6: ='511 Maple'!B23 -> 0.062064481 | I6: ='511 Maple'!C21 -> 52094.52 | J6: ='511 Maple'!C23 -> 0.094889836 | K6: ='511 Maple'!D21 -> 58592.52 | L6: ='511 Maple'!D23 -> 0.1067259 | M6: Cap rates are calculated using the seller’s current asking price
A7: 133 Hungerford | B7: 3 | C7: ='133 Hungerford'!B22 -> 319900 | D7: ='133 Hungerford'!B5 -> 39900 | E7: ='133 Hungerford'!B7 -> 37905 | F7: ='133 Hungerford'!B19 -> 13077.67 | G7: ='133 Hungerford'!B21 -> 24827.33 | H7: ='133 Hungerford'!B23 -> 0.077609659 | I7: ='133 Hungerford'!C21 -> 39718.58 | J7: ='133 Hungerford'!C23 -> 0.12415936 | K7: ='133 Hungerford'!D21 -> 42967.58 | L7: ='133 Hungerford'!D23 -> 0.13431566 | M7: Cap rates are calculated using the seller’s current asking price
A8: 86 Edwards | B8: 5 | C8: ='86 Edwards'!B22 -> 499000 | D8: ='86 Edwards'!B5 -> 69900 | E8: ='86 Edwards'!B7 -> 66405 | F8: ='86 Edwards'!B19 -> 28063.01 | G8: ='86 Edwards'!B21 -> 38341.99 | H8: ='86 Edwards'!B23 -> 0.076837655 | I8: ='86 Edwards'!C21 -> 55399.24 | J8: ='86 Edwards'!C23 -> 0.11102052 | K8: ='86 Edwards'!D21 -> 61897.24 | L8: ='86 Edwards'!D23 -> 0.12404257 | M8: Cap rates are calculated using the seller’s current asking price
A9: 41 Connerton | B9: 2 | C9: ='41 Connerton'!B22 -> 349000 | D9: ='41 Connerton'!B5 -> 33900 | E9: ='41 Connerton'!B7 -> 32205 | F9: ='41 Connerton'!B19 -> 12389.95 | G9: ='41 Connerton'!B21 -> 19815.05 | H9: ='41 Connerton'!B23 -> 0.056776648 | I9: ='41 Connerton'!C21 -> 24959.3 | J9: ='41 Connerton'!C23 -> 0.071516619 | K9: ='41 Connerton'!D21 -> 27125.3 | L9: ='41 Connerton'!D23 -> 0.077722923 | M9: Cap rates are calculated using the seller’s current asking price
A10: 55 Foley | B10: 3 | C10: ='55 Foley'!B22 -> 369000 | D10: ='55 Foley'!B5 -> 45000 | E10: ='55 Foley'!B7 -> 42750 | F10: ='55 Foley'!B19 -> 15314.52 | G10: ='55 Foley'!B21 -> 27435.48 | H10: ='55 Foley'!B23 -> 0.074350894 | I10: ='55 Foley'!C21 -> 32308.98 | J10: ='55 Foley'!C23 -> 0.087558211 | K10: ='55 Foley'!D21 -> 36099.48 | L10: ='55 Foley'!D23 -> 0.097830569 | M10: Cap rates are calculated using the seller’s current asking price
A11: 8 Dudley | B11: 3 | C11: ='8 Dudley'!B22 -> 349000 | D11: ='8 Dudley'!B5 -> 37800 | E11: ='8 Dudley'!B7 -> 35910 | F11: ='8 Dudley'!B19 -> 15085.92 | G11: ='8 Dudley'!B21 -> 20824.08 | H11: ='8 Dudley'!B23 -> 0.059667851 | I11: ='8 Dudley'!C21 -> 32195.58 | J11: ='8 Dudley'!C23 -> 0.092250946 | K11: ='8 Dudley'!D21 -> 37069.08 | L11: ='8 Dudley'!D23 -> 0.10621513 | M11: Cap rates are calculated using the seller’s current asking price
A12: PORTFOLIO TOTAL / COMBINED | B12: =SUM(B4:B11) -> 28 | C12: =SUM(C4:C11) -> 3632900 | D12: =SUM(D4:D11) -> 432432 | E12: =SUM(E4:E11) -> 410810.4 | F12: =SUM(F4:F11) -> 156166.16 | G12: =SUM(G4:G11) -> 254644.24 | H12: =G12/C12 -> 0.07009393 | I12: =SUM(I4:I11) -> 358493.11 | J12: =I12/C12 -> 0.098679598 | K12: =SUM(K4:K11) -> 396939.61 | L12: =K12/C12 -> 0.10926247 | M12: Combined cap rate equals total portfolio NOI divided by total portfolio value.

Sheet 28-30 Madison
A1: 28-30 Madison Street, Hartford, CT — CAP RATE ANALYSIS
A3: Income / Expense Item | B3: Current | C3: Market Low | D3: Market High
A4: INCOME
A5: Gross Potential Rent | B5: 90000 | C5: 111900 | D5: 119100
A6: Less: Vacancy | B6: =B5*Assumptions!$B$4 -> 4500 | C6: =C5*Assumptions!$B$4 -> 5595 | D6: =D5*Assumptions!$B$4 -> 5955
A7: Effective Gross Income | B7: =B5-B6 -> 85500 | C7: =C5-C6 -> 106305 | D7: =D5-D6 -> 113145
A9: EXPENSES
A10: Real Estate Taxes | B10: 10054 | C10: 10054 | D10: 10054
A11: Insurance | B11: 3163 | C11: 3163 | D11: 3163
A12: Water | B12: 3687.72 | C12: 3687.72 | D12: 3687.72
A13: Common Area Electric | B13: 1712.4 | C13: 1712.4 | D13: 1712.4
A14: Owner-Paid Gas / Other Utilities | B14: 0 | C14: 0 | D14: 0
A15: Landscaping / Snow | B15: =Assumptions!$B$8 -> 1200 | C15: =Assumptions!$B$8 -> 1200 | D15: =Assumptions!$B$8 -> 1200
A16: Management Fee | B16: =B7*Assumptions!$B$5 -> 4275 | C16: =C7*Assumptions!$B$5 -> 5315.25 | D16: =D7*Assumptions!$B$5 -> 5657.25
A17: Repairs & Maintenance | B17: =B25*Assumptions!$B$6 -> 3000 | C17: =C25*Assumptions!$B$6 -> 3000 | D17: =D25*Assumptions!$B$6 -> 3000
A18: Reserves | B18: =B25*Assumptions!$B$7 -> 1500 | C18: =C25*Assumptions!$B$7 -> 1500 | D18: =D25*Assumptions!$B$7 -> 1500
A19: Total Expenses | B19: =SUM(B10:B18) -> 28592.12 | C19: =SUM(C10:C18) -> 29632.37 | D19: =SUM(D10:D18) -> 29974.37
A21: Net Operating Income (NOI) | B21: =B7-B19 -> 56907.88 | C21: =C7-C19 -> 76672.63 | D21: =D7-D19 -> 83170.63
A22: Asking price | B22: 799000 | C22: 799000 | D22: 799000
A23: Capitalization Rate | B23: =B21/B22 -> 0.07122388 | C23: =C21/C22 -> 0.095960738 | D23: =D21/D22 -> 0.1040934
A25: Legal Units | B25: 6 | C25: 6 | D25: 6
A26: Scenario Note | B26: Current Rent Roll Including Vacant-Unit Pro Forma Rent | C26: Stabilized market-low rent | D26: Stabilized market-high rent

Sheet 98 Russ
A1: 98-100 Russ Street, Hartford, CT — CAP RATE ANALYSIS
A3: Income / Expense Item | B3: Current | C3: Market Low | D3: Market High
A4: INCOME
A5: Gross Potential Rent | B5: 52500 | C5: 66600 | D5: 72000
A6: Less: Vacancy | B6: =B5*Assumptions!$B$4 -> 2625 | C6: =C5*Assumptions!$B$4 -> 3330 | D6: =D5*Assumptions!$B$4 -> 3600
A7: Effective Gross Income | B7: =B5-B6 -> 49875 | C7: =C5-C6 -> 63270 | D7: =D5-D6 -> 68400
A9: EXPENSES
A10: Real Estate Taxes | B10: 7442.06 | C10: 7442.06 | D10: 7442.06
A11: Insurance | B11: 1638 | C11: 1638 | D11: 1638
A12: Water | B12: 2096.28 | C12: 2096.28 | D12: 2096.28
A13: Common Area Electric | B13: 335.88 | C13: 335.88 | D13: 335.88
A14: Owner-Paid Gas / Other Utilities | B14: 0 | C14: 0 | D14: 0
A15: Landscaping / Snow | B15: =Assumptions!$B$8 -> 1200 | C15: =Assumptions!$B$8 -> 1200 | D15: =Assumptions!$B$8 -> 1200
A16: Management Fee | B16: =B7*Assumptions!$B$5 -> 2493.75 | C16: =C7*Assumptions!$B$5 -> 3163.5 | D16: =D7*Assumptions!$B$5 -> 3420
A17: Repairs & Maintenance | B17: =B25*Assumptions!$B$6 -> 1500 | C17: =C25*Assumptions!$B$6 -> 1500 | D17: =D25*Assumptions!$B$6 -> 1500
A18: Reserves | B18: =B25*Assumptions!$B$7 -> 750 | C18: =C25*Assumptions!$B$7 -> 750 | D18: =D25*Assumptions!$B$7 -> 750
A19: Total Expenses | B19: =SUM(B10:B18) -> 17455.97 | C19: =SUM(C10:C18) -> 18125.72 | D19: =SUM(D10:D18) -> 18382.22
A21: Net Operating Income (NOI) | B21: =B7-B19 -> 32419.03 | C21: =C7-C19 -> 45144.28 | D21: =D7-D19 -> 50017.78
A22: Asking price | B22: 399000 | C22: 399000 | D22: 399000
A23: Capitalization Rate | B23: =B21/B22 -> 0.081250702 | C23: =C21/C22 -> 0.11314356 | D23: =D21/D22 -> 0.12535784
A25: Legal Units | B25: 3 | C25: 3 | D25: 3
A26: Scenario Note | B26: In-place rent | C26: Stabilized market-low rent | D26: Stabilized market-high rent

Sheet 511 Maple
A1: 511 Maple Avenue, Hartford, CT — CAP RATE ANALYSIS
A3: Income / Expense Item | B3: Current | C3: Market Low | D3: Market High
A4: INCOME
A5: Gross Potential Rent | B5: 63432 | C5: 83400 | D5: 90600
A6: Less: Vacancy | B6: =B5*Assumptions!$B$4 -> 3171.6 | C6: =C5*Assumptions!$B$4 -> 4170 | D6: =D5*Assumptions!$B$4 -> 4530
A7: Effective Gross Income | B7: =B5-B6 -> 60260.4 | C7: =C5-C6 -> 79230 | D7: =D5-D6 -> 86070
A9: EXPENSES
A10: Real Estate Taxes | B10: 7751.22 | C10: 7751.22 | D10: 7751.22
A11: Insurance | B11: 2448 | C11: 2448 | D11: 2448
A12: Water | B12: 2675.88 | C12: 2675.88 | D12: 2675.88
A13: Common Area Electric | B13: 2072.68 | C13: 2072.68 | D13: 2072.68
A14: Owner-Paid Gas / Other Utilities | B14: 4776.2 | C14: 4776.2 | D14: 4776.2
A15: Landscaping / Snow | B15: =Assumptions!$B$8 -> 1200 | C15: =Assumptions!$B$8 -> 1200 | D15: =Assumptions!$B$8 -> 1200
A16: Management Fee | B16: =B7*Assumptions!$B$5 -> 3013.02 | C16: =C7*Assumptions!$B$5 -> 3961.5 | D16: =D7*Assumptions!$B$5 -> 4303.5
A17: Repairs & Maintenance | B17: =B25*Assumptions!$B$6 -> 1500 | C17: =C25*Assumptions!$B$6 -> 1500 | D17: =D25*Assumptions!$B$6 -> 1500
A18: Reserves | B18: =B25*Assumptions!$B$7 -> 750 | C18: =C25*Assumptions!$B$7 -> 750 | D18: =D25*Assumptions!$B$7 -> 750
A19: Total Expenses | B19: =SUM(B10:B18) -> 26187 | C19: =SUM(C10:C18) -> 27135.48 | D19: =SUM(D10:D18) -> 27477.48
A21: Net Operating Income (NOI) | B21: =B7-B19 -> 34073.4 | C21: =C7-C19 -> 52094.52 | D21: =D7-D19 -> 58592.52
A22: Asking price | B22: 549000 | C22: 549000 | D22: 549000
A23: Capitalization Rate | B23: =B21/B22 -> 0.062064481 | C23: =C21/C22 -> 0.094889836 | D23: =D21/D22 -> 0.1067259
A25: Legal Units | B25: 3 | C25: 3 | D25: 3
A26: Scenario Note | B26: In-place rent | C26: Stabilized market-low rent | D26: Stabilized market-high rent

Sheet 133 Hungerford
A1: 133 Hungerford Street, Hartford, CT — CAP RATE ANALYSIS
A3: Income / Expense Item | B3: Current | C3: Market Low | D3: Market High
A4: INCOME
A5: Gross Potential Rent | B5: 39900 | C5: 56400 | D5: 60000
A6: Less: Vacancy | B6: =B5*Assumptions!$B$4 -> 1995 | C6: =C5*Assumptions!$B$4 -> 2820 | D6: =D5*Assumptions!$B$4 -> 3000
A7: Effective Gross Income | B7: =B5-B6 -> 37905 | C7: =C5-C6 -> 53580 | D7: =D5-D6 -> 57000
A9: EXPENSES
A10: Real Estate Taxes | B10: 4233.94 | C10: 4233.94 | D10: 4233.94
A11: Insurance | B11: 1872 | C11: 1872 | D11: 1872
A12: Water | B12: 1272.72 | C12: 1272.72 | D12: 1272.72
A13: Common Area Electric | B13: 353.76 | C13: 353.76 | D13: 353.76
A14: Owner-Paid Gas / Other Utilities | B14: 0 | C14: 0 | D14: 0
A15: Landscaping / Snow | B15: =Assumptions!$B$8 -> 1200 | C15: =Assumptions!$B$8 -> 1200 | D15: =Assumptions!$B$8 -> 1200
A16: Management Fee | B16: =B7*Assumptions!$B$5 -> 1895.25 | C16: =C7*Assumptions!$B$5 -> 2679 | D16: =D7*Assumptions!$B$5 -> 2850
A17: Repairs & Maintenance | B17: =B25*Assumptions!$B$6 -> 1500 | C17: =C25*Assumptions!$B$6 -> 1500 | D17: =D25*Assumptions!$B$6 -> 1500
A18: Reserves | B18: =B25*Assumptions!$B$7 -> 750 | C18: =C25*Assumptions!$B$7 -> 750 | D18: =D25*Assumptions!$B$7 -> 750
A19: Total Expenses | B19: =SUM(B10:B18) -> 13077.67 | C19: =SUM(C10:C18) -> 13861.42 | D19: =SUM(D10:D18) -> 14032.42
A21: Net Operating Income (NOI) | B21: =B7-B19 -> 24827.33 | C21: =C7-C19 -> 39718.58 | D21: =D7-D19 -> 42967.58
A22: Asking price | B22: 319900 | C22: 319900 | D22: 319900
A23: Capitalization Rate | B23: =B21/B22 -> 0.077609659 | C23: =C21/C22 -> 0.12415936 | D23: =D21/D22 -> 0.13431566
A25: Legal Units | B25: 3 | C25: 3 | D25: 3
A26: Scenario Note | B26: In-place rent | C26: Stabilized market-low rent | D26: Stabilized market-high rent

Sheet 86 Edwards
A1: 86 Edwards Street, Hartford, CT — CAP RATE ANALYSIS
A3: Income / Expense Item | B3: Current | C3: Market Low | D3: Market High
A4: INCOME
A5: Gross Potential Rent | B5: 69900 | C5: 88800 | D5: 96000
A6: Less: Vacancy | B6: =B5*Assumptions!$B$4 -> 3495 | C6: =C5*Assumptions!$B$4 -> 4440 | D6: =D5*Assumptions!$B$4 -> 4800
A7: Effective Gross Income | B7: =B5-B6 -> 66405 | C7: =C5-C6 -> 84360 | D7: =D5-D6 -> 91200
A9: EXPENSES
A10: Real Estate Taxes | B10: 11892 | C10: 11892 | D10: 11892
A11: Insurance | B11: 3500 | C11: 3500 | D11: 3500
A12: Water | B12: 3456.84 | C12: 3456.84 | D12: 3456.84
A13: Common Area Electric | B13: 943.92 | C13: 943.92 | D13: 943.92
A14: Owner-Paid Gas / Other Utilities | B14: 0 | C14: 0 | D14: 0
A15: Landscaping / Snow | B15: =Assumptions!$B$8 -> 1200 | C15: =Assumptions!$B$8 -> 1200 | D15: =Assumptions!$B$8 -> 1200
A16: Management Fee | B16: =B7*Assumptions!$B$5 -> 3320.25 | C16: =C7*Assumptions!$B$5 -> 4218 | D16: =D7*Assumptions!$B$5 -> 4560
A17: Repairs & Maintenance | B17: =B25*Assumptions!$B$6 -> 2500 | C17: =C25*Assumptions!$B$6 -> 2500 | D17: =D25*Assumptions!$B$6 -> 2500
A18: Reserves | B18: =B25*Assumptions!$B$7 -> 1250 | C18: =C25*Assumptions!$B$7 -> 1250 | D18: =D25*Assumptions!$B$7 -> 1250
A19: Total Expenses | B19: =SUM(B10:B18) -> 28063.01 | C19: =SUM(C10:C18) -> 28960.76 | D19: =SUM(D10:D18) -> 29302.76
A21: Net Operating Income (NOI) | B21: =B7-B19 -> 38341.99 | C21: =C7-C19 -> 55399.24 | D21: =D7-D19 -> 61897.24
A22: Asking price | B22: 499000 | C22: 499000 | D22: 499000
A23: Capitalization Rate | B23: =B21/B22 -> 0.076837655 | C23: =C21/C22 -> 0.11102052 | D23: =D21/D22 -> 0.12404257
A25: Legal Units | B25: 5 | C25: 5 | D25: 5
A26: Scenario Note | B26: Current Rent Roll Including Vacant-Unit Pro Forma Rent | C26: Stabilized market-low rent | D26: Stabilized market-high rent

Sheet 41 Connerton
A1: 41 Connerton Street, New Britain, CT — CAP RATE ANALYSIS
A3: Income / Expense Item | B3: Current | C3: Market Low | D3: Market High
A4: INCOME
A5: Gross Potential Rent | B5: 33900 | C5: 39600 | D5: 42000
A6: Less: Vacancy | B6: =B5*Assumptions!$B$4 -> 1695 | C6: =C5*Assumptions!$B$4 -> 1980 | D6: =D5*Assumptions!$B$4 -> 2100
A7: Effective Gross Income | B7: =B5-B6 -> 32205 | C7: =C5-C6 -> 37620 | D7: =D5-D6 -> 39900
A9: EXPENSES
A10: Real Estate Taxes | B10: 5112.22 | C10: 5112.22 | D10: 5112.22
A11: Insurance | B11: 1549 | C11: 1549 | D11: 1549
A12: Water | B12: 1211.6 | C12: 1211.6 | D12: 1211.6
A13: Common Area Electric | B13: 206.88 | C13: 206.88 | D13: 206.88
A14: Owner-Paid Gas / Other Utilities | B14: 0 | C14: 0 | D14: 0
A15: Landscaping / Snow | B15: =Assumptions!$B$8 -> 1200 | C15: =Assumptions!$B$8 -> 1200 | D15: =Assumptions!$B$8 -> 1200
A16: Management Fee | B16: =B7*Assumptions!$B$5 -> 1610.25 | C16: =C7*Assumptions!$B$5 -> 1881 | D16: =D7*Assumptions!$B$5 -> 1995
A17: Repairs & Maintenance | B17: =B25*Assumptions!$B$6 -> 1000 | C17: =C25*Assumptions!$B$6 -> 1000 | D17: =D25*Assumptions!$B$6 -> 1000
A18: Reserves | B18: =B25*Assumptions!$B$7 -> 500 | C18: =C25*Assumptions!$B$7 -> 500 | D18: =D25*Assumptions!$B$7 -> 500
A19: Total Expenses | B19: =SUM(B10:B18) -> 12389.95 | C19: =SUM(C10:C18) -> 12660.7 | D19: =SUM(D10:D18) -> 12774.7
A21: Net Operating Income (NOI) | B21: =B7-B19 -> 19815.05 | C21: =C7-C19 -> 24959.3 | D21: =D7-D19 -> 27125.3
A22: Asking price | B22: 349000 | C22: 349000 | D22: 349000
A23: Capitalization Rate | B23: =B21/B22 -> 0.056776648 | C23: =C21/C22 -> 0.071516619 | D23: =D21/D22 -> 0.077722923
A25: Legal Units | B25: 2 | C25: 2 | D25: 2
A26: Scenario Note | B26: In-place rent | C26: Stabilized market-low rent | D26: Stabilized market-high rent

Sheet 55 Foley
A1: 55 Foley Street, Bristol, CT — CAP RATE ANALYSIS
A3: Income / Expense Item | B3: Current | C3: Market Low | D3: Market High
A4: INCOME
A5: Gross Potential Rent | B5: 45000 | C5: 50400 | D5: 54600
A6: Less: Vacancy | B6: =B5*Assumptions!$B$4 -> 2250 | C6: =C5*Assumptions!$B$4 -> 2520 | D6: =D5*Assumptions!$B$4 -> 2730
A7: Effective Gross Income | B7: =B5-B6 -> 42750 | C7: =C5-C6 -> 47880 | D7: =D5-D6 -> 51870
A9: EXPENSES
A10: Real Estate Taxes | B10: 4633.14 | C10: 4633.14 | D10: 4633.14
A11: Insurance | B11: 2100 | C11: 2100 | D11: 2100
A12: Water | B12: 1915.56 | C12: 1915.56 | D12: 1915.56
A13: Common Area Electric | B13: 1078.32 | C13: 1078.32 | D13: 1078.32
A14: Owner-Paid Gas / Other Utilities | B14: 0 | C14: 0 | D14: 0
A15: Landscaping / Snow | B15: =Assumptions!$B$8 -> 1200 | C15: =Assumptions!$B$8 -> 1200 | D15: =Assumptions!$B$8 -> 1200
A16: Management Fee | B16: =B7*Assumptions!$B$5 -> 2137.5 | C16: =C7*Assumptions!$B$5 -> 2394 | D16: =D7*Assumptions!$B$5 -> 2593.5
A17: Repairs & Maintenance | B17: =B25*Assumptions!$B$6 -> 1500 | C17: =C25*Assumptions!$B$6 -> 1500 | D17: =D25*Assumptions!$B$6 -> 1500
A18: Reserves | B18: =B25*Assumptions!$B$7 -> 750 | C18: =C25*Assumptions!$B$7 -> 750 | D18: =D25*Assumptions!$B$7 -> 750
A19: Total Expenses | B19: =SUM(B10:B18) -> 15314.52 | C19: =SUM(C10:C18) -> 15571.02 | D19: =SUM(D10:D18) -> 15770.52
A21: Net Operating Income (NOI) | B21: =B7-B19 -> 27435.48 | C21: =C7-C19 -> 32308.98 | D21: =D7-D19 -> 36099.48
A22: Asking price | B22: 369000 | C22: 369000 | D22: 369000
A23: Capitalization Rate | B23: =B21/B22 -> 0.074350894 | C23: =C21/C22 -> 0.087558211 | D23: =D21/D22 -> 0.097830569
A25: Legal Units | B25: 3 | C25: 3 | D25: 3
A26: Scenario Note | B26: In-place rent | C26: Stabilized market-low rent | D26: Stabilized market-high rent

Sheet 8 Dudley
A1: 8 Dudley Street, Bristol, CT — CAP RATE ANALYSIS
A3: Income / Expense Item | B3: Current | C3: Market Low | D3: Market High
A4: INCOME
A5: Gross Potential Rent | B5: 37800 | C5: 50400 | D5: 55800
A6: Less: Vacancy | B6: =B5*Assumptions!$B$4 -> 1890 | C6: =C5*Assumptions!$B$4 -> 2520 | D6: =D5*Assumptions!$B$4 -> 2790
A7: Effective Gross Income | B7: =B5-B6 -> 35910 | C7: =C5-C6 -> 47880 | D7: =D5-D6 -> 53010
A9: EXPENSES
A10: Real Estate Taxes | B10: 5381.78 | C10: 5381.78 | D10: 5381.78
A11: Insurance | B11: 2016 | C11: 2016 | D11: 2016
A12: Water | B12: 2247.04 | C12: 2247.04 | D12: 2247.04
A13: Common Area Electric | B13: 195.6 | C13: 195.6 | D13: 195.6
A14: Owner-Paid Gas / Other Utilities | B14: 0 | C14: 0 | D14: 0
A15: Landscaping / Snow | B15: =Assumptions!$B$8 -> 1200 | C15: =Assumptions!$B$8 -> 1200 | D15: =Assumptions!$B$8 -> 1200
A16: Management Fee | B16: =B7*Assumptions!$B$5 -> 1795.5 | C16: =C7*Assumptions!$B$5 -> 2394 | D16: =D7*Assumptions!$B$5 -> 2650.5
A17: Repairs & Maintenance | B17: =B25*Assumptions!$B$6 -> 1500 | C17: =C25*Assumptions!$B$6 -> 1500 | D17: =D25*Assumptions!$B$6 -> 1500
A18: Reserves | B18: =B25*Assumptions!$B$7 -> 750 | C18: =C25*Assumptions!$B$7 -> 750 | D18: =D25*Assumptions!$B$7 -> 750
A19: Total Expenses | B19: =SUM(B10:B18) -> 15085.92 | C19: =SUM(C10:C18) -> 15684.42 | D19: =SUM(D10:D18) -> 15940.92
A21: Net Operating Income (NOI) | B21: =B7-B19 -> 20824.08 | C21: =C7-C19 -> 32195.58 | D21: =D7-D19 -> 37069.08
A22: Asking price | B22: 349000 | C22: 349000 | D22: 349000
A23: Capitalization Rate | B23: =B21/B22 -> 0.059667851 | C23: =C21/C22 -> 0.092250946 | D23: =D21/D22 -> 0.10621513
A25: Legal Units | B25: 3 | C25: 3 | D25: 3
A26: Scenario Note | B26: In-place rent | C26: Stabilized market-low rent | D26: Stabilized market-high rent
